 Dungeon Crawl Stone Soup version 0.20-a0-891-ga2611f4 (webtiles) character file.

25 Patate the Sneak (level 2, -5/13 HPs)
             Began as a Spriggan Enchanter on Mar 16, 2017.
             Slain by a gnoll
             ... wielding a +0 halberd
              (16 damage)
             ... on level 1 of the Dungeon.
             The game lasted 00:05:39 (1361 turns).

Patate the Sneak (Spriggan Enchanter)               Turns: 1361, Time: 00:05:40

Health: -5/13      AC:  2    Str:  4    XL:     2   Next: 86%
Magic:  3/6        EV: 19    Int: 16    God:
Gold:   28         SH:  0    Dex: 16    Spells: 3/6 levels left

rFire    . . .     SeeInvis +   a - +1 dagger
rCold    . . .     Gourm    .   b - +0 robe
rNeg     . . .     Faith    .   (shield restricted)
rPois    .         Spirit   .   (helmet restricted)
rElec    .         Reflect  .   (no cloak)
rCorr    .         Harm     .   (gloves unavailable)
MR       .....                  (boots unavailable)
Stlth    +++.......             (no amulet)
Regen    0.1/turn               (no ring)
MPRegen  0.1/turn               (no ring)

@: very quick
A: unfitting armour, see invisible, herbivore 3, speed 3, slow metabolism 2
a: no special abilities


You were on level 1 of the Dungeon.
You were not hungry.

You visited 1 branch of the dungeon, and saw 2 of its levels.

You collected 28 gold pieces.

Inventory:

Hand Weapons
 a - a +1 dagger (weapon)
Armour
 b - a +0 robe (worn)
Potions
 e - a potion of invisibility {unknown}
Books
 c - a book of Maledictions

   Spells                             Type                      Level
   a - Corona                         Hexes                        1
   b - Ensorcelled Hibernation        Hexes/Ice                    2
   c - Confuse                        Hexes                        3
   d - Tukima's Dance                 Hexes                        3
   e - Dazzling Spray                 Conjuration/Hexes            3
Comestibles
 d - a bread ration


   Skills:
 - Level 1.1 Short Blades
 + Level 4.0 Dodging
 * Level 5.5 Stealth
 - Level 2.6 Spellcasting
 - Level 3.6 Hexes


You had 3 spell levels left.
You knew the following spells:

 Your Spells              Type           Power        Failure   Level  Hunger
a - Corona                Hex            ##.....      6%          1    #......
b - Ensorcelled Hibernat  Hex/Ice        #.....       17%         2    ##.....


Dungeon Overview and Level Annotations

Branches:
Dungeon (2/15)

Altars:


Innate Abilities, Weirdness & Mutations

You are very small and have problems with some larger weapons.
You are too small for most types of armour.
You have supernaturally acute eyesight. (SInv)
You are a herbivore.
You cover ground extremely quickly.
You need consume almost no food.


Message History

A jackal is nearby!
Casting: Ensorcelled Hibernation
Confirm with . or Enter, or press ? or * to list all spells.
Aiming: Ensorcelled Hibernation
Press: ? - help, Shift-Dir - straight line, f/p - jackal
Aim: a jackal (chance to defeat MR: 56%)
The jackal resists with significant effort.
The jackal bites you but does no damage.
You hit the jackal.
The jackal is almost dead.
The jackal misses you.
The jackal bites you but does no damage.
You hit the jackal but do no damage.
The jackal is almost dead.
You hit the jackal.
You kill the jackal!
The jackal misses you.
The gnoll hits you from afar with a halberd!
Ouch! That really hurt!
You die...

#.......#.......'................
................#..........######
#....##.....#...'................
.....'......#####..............##
#....##.....# ###..........##..##
#.#####.....# #.....#.####.##....
#.# #.##.## #g##.............##
#.## #.##.# #h##..#.####.##..#
...# #.##.# #.@.....# #.##..#
#..####.##.# ###...#.####.##..#
...........# #..........##..#
##.####.##.# ##..#.####.##..#
##.####.##.# #..#.####.##..#
........##.# #####.............#
##.#######.###........####.##.##
........##.........##.# #.####
##.###########.######.# #.#


You could see a gnoll and a jackal.

Vanquished Creatures
  A worm (D:2)
  A dart slug (D:1)
  A leopard gecko (D:1)
  3 goblins (D:1)
  A hobgoblin (D:2)
  2 jackals (D:1)
  2 kobolds (D:1)
  4 bats (D:1)
  3 frilled lizards (D:1)
  2 rats (D:1)
20 creatures vanquished.

Notes
Turn   | Place    | Note
-------+----------+-------------------------------------------
     0 | D:1      | Patate the Spriggan Enchanter began the quest for the Orb.
     0 | D:1      | Reached XP level 1. HP: 9/9 MP: 5/5
   315 | D:2      | Reached skill level 5 in Stealth
   322 | D:2      | Reached XP level 2. HP: 12/13 MP: 6/6
   346 | D:1      | Learned a level 2 spell: Ensorcelled Hibernation
  1361 | D:1      | Slain by a gnoll

Vault maps used:
D:1:      dpeg_arrival_arbitrary_b, minivault_26, grunt_decor_one_mirror,
          serial_bayou_lagoon_a
D:2:      elyvilon_altar_1, okawaru_altar_gauntlet_db, marbit_many_paths,
          first_bread

Skill      XL: |  1  2 |
---------------+-------+-----
Stealth        | 5 |  5.5
Dodging        | 4 |  4.0
Short Blades   | |  1.1
Spellcasting   | |  2.6
Hexes          | |  3.6

Action                   || total
-------------------------++-------
Melee: Dagger            ||    66
 Cast: Ensorcelled Hiber ||    15
 Stab: Sleeping          ||    10
Armor: Robe              ||    15
Dodge: Dodged            ||    86
